 Dungeon Crawl Stone Soup version 0.29.1-12-g30fa7ad0bf (webtiles) character file.

Game seed: 12079722966172578306

9 McKennaii the Conjurer (level 1, 0/14 HPs)
             Began as a Demigod Conjurer on Jan 7, 2023.
             Slain by Sigmund
             ... wielding a +2 scythe of venom
              (5 damage)
             ... on level 2 of the Dungeon.
             The game lasted 00:00:41 (766 turns).

McKennaii the Conjurer (Demigod Conjurer)            Turns: 766, Time: 00:00:41

Health: 0/14       AC:  0    Str:  8    XL:     1   Next: 93%
Magic:  4/5        EV: 14    Int: 20    God:
Gold:   83         SH:  0    Dex: 12    Spells: 3/4 levels left

rFire   . . .      SeeInvis .   (weapon currently unavailable)
rCold   . . .      Faith    .   (shield currently unavailable)
rNeg    . . .      Spirit   .   (body armour currently unavailable)
rPois   .          Reflect  .   (helmet currently unavailable)
rElec   .          Harm     .   (cloak currently unavailable)
rCorr   .          Rampage  .   (gloves currently unavailable)
Will    .....                   (boots currently unavailable)
Stlth   ++........              (no amulet)
HPRegen 0.04/turn               (ring currently unavailable)
MPRegen 0.09/turn               (ring currently unavailable)

@: lethally poisoned (0 -> -8), pig-form, very quick
A: fast, no casting, small, high MP 1, forlorn, divine attributes
a: no special abilities


You were on level 2 of the Dungeon.
You were a filthy swine.
You visited 1 branch of the dungeon, and saw 2 of its levels.

You collected 83 gold pieces.

Inventory:

Armour
 a - a +0 robe (melded)
Scrolls
 c - a scroll of torment {unknown}
 d - 2 scrolls of identify {unknown}
 e - a scroll of noise {unknown}
 f - a scroll of enchant weapon {unknown}
 g - a scroll of blinking {unknown}
 h - a scroll of butterflies {unknown}
Potions
 b - a potion of magic
 i - a potion of degeneration {unknown}


   Skills:
 + Level 2.0 Dodging
 - Level 2.0 Stealth
 + Level 2.0 Spellcasting
 + Level 3.7 Conjurations


You had 3 spell levels left.
You knew the following spells:

 Your Spells              Type           Power      Damage    Failure   Level
a - Magic Dart            Conj           68%        1d6       3%          1

Your spell library contained the following spells:

 Spells                   Type           Power      Damage    Failure   Level
 Searing Ray              Conj           34%        2d5       4%          2
 Dazzling Flash           Conj/Hex       18%        N/A       22%         3
 Fulminant Prism          Conj/Hex       4%         3d6       58%         4
 Iskenderun's Mystic Bla  Conj/Tloc      9%         2d4       58%         4


Dungeon Overview and Level Annotations

Branches:
Dungeon (2/15)

Shops:
D:1 (

Annotations:
D:2 Sigmund


Innate Abilities, Weirdness & Mutations

You are a filthy swine.
You move quickly.
Your equipment is almost entirely melded.
You are incapable of wielding weapons or throwing items.
You cannot cast spells.
You have an increased reservoir of magic. (+10% MP)
You shall have no god before yourself.
Your divine heritage dramatically boosts your attributes as you level up.


Message History

There is an open door here.
There is a stone staircase leading down here.
You climb downwards.
Level annotation: Sigmund
There is a stone staircase leading up here.
HP restored.
Found a stone staircase leading down.
There is a stone staircase leading down here.
There is a stone staircase leading up here.
You now have 69 gold pieces (gained 7).
You now have 83 gold pieces (gained 14).
You open the door.
There is an open door here.
i - an inky potion The magic dart hits Sigmund.
Sigmund is lightly wounded.
Sigmund zaps a wand.
You turn into a filthy swine.
Your +0 robe melds into your body.
You can't do that in your present form.
You can't do that in your present form.
You can't do that in your present form.
You can't do that in your present form.
You can't do that in your present form.
Sorry, you're not good enough to have a special ability.
Unknown command.
You can't do that in your present form.
Sorry, you're not good enough to have a special ability.
Unknown command.
Sigmund barely misses you.
You closely miss Sigmund.
Sigmund is lightly wounded.
You barely miss Sigmund.
Sigmund is lightly wounded.
Sigmund hits you with a +2 scythe of venom.
You are lethally poisoned!
You closely miss Sigmund.
Sigmund is lightly wounded.
You feel very sick.
Sigmund hits you with a +2 scythe of venom.
You die...

#......#####.#.##...).###.#
#......'...#.#.##.###.# #.#
#......###.#.#.##.# #.###.#
#......##.......#.# #...<.#
#......##..#<#..#.# #####.#
##......#........#.# #.#
........###.#...##.#######..
.........................>##
.....#.....h######.######.#
.###.####...@....#........#
#. ##..####.#######..# #..#
#..# #..# #..# #..# ...#
#..# ##.# ...# ..# .#


You could see Sigmund.

Vanquished Creatures
  2 endoplasms (D:1)
  A goblin (D:2)
  A quokka (D:1)
  A ball python (D:1)
  A bat (D:1)
  A frilled lizard (D:1)
  A kobold (D:1)
  2 rats (D:1)
10 creatures vanquished.

Notes
Turn   | Place    | Note
-------+----------+-------------------------------------------
     0 | D:1      | McKennaii the Demigod Conjurer began the quest for the Orb.
     0 | D:1      | Reached XP level 1. HP: 14/14 MP: 5/5
   156 | D:1      | Found Dokheqekh's Weapon Shop.
   622 | D:2      | Noticed Sigmund
   766 | D:2      | Slain by Sigmund

Illustrated notes

Levels and vault maps discovered:
D:1:      dpeg_arrival_houses_and_road, layout_basic, serial_shops,
          nicolae_shop_hallway_plus
D:2:      layout_basic, uniq_sigmund

Skill      XL: |  1 |
---------------+----+-----
Stealth        | 2 |  2.0
Dodging        | 2 |  2.0
Spellcasting   | 2 |  2.0
Conjurations   | |  3.7

Action                   || total
-------------------------++-------
Melee: Unarmed           ||     3
 Cast: Magic Dart        ||    21
Armor: Robe              ||     1
Dodge: Dodged            ||     3
